 Dungeon Crawl Stone Soup version 0.31.0-12-g77e489cdc1 (webtiles) character file.

Game seed: 14052699688418765653

1019 spaghetti the Covert (level 8, -1/69 HPs)
             Began as a Naga Chaos Knight on Feb 18, 2024.
             Was a Plaything of Xom.
             Slain by a crocodile zombie (8 damage)
             ... in an ossuary.
             The game lasted 00:06:57 (4433 turns).

spaghetti the Covert (Naga Chaos Knight)            Turns: 4433, Time: 00:06:58

Health: -1/69      AC:  8    Str: 13 (15) XL:     8   Next: 22%
Magic:  12/12      EV:  9    Int:  9 (12) God:    Xom [...*..]
Gold:   251        SH:  0    Dex: 19 (21) Spells: 9/13 levels left

rFire   . . .        a - +1 short sword (chaos)
rCold   . . .        (no shield)
rNeg    . . .        b - +2 leather armour
rPois   +            (no helmet)
rElec   +            (no cloak)
rCorr   .            (no gloves)
SInv    +            (no barding)
Will    ++...        (no amulet)
Stlth   ++++++       g - ring of willpower
HPRegen 1.11/turn    o - +6 ring of dexterity
MPRegen 0.13/turn

%: no passive effects
@: hasted, quick
A: AC +2, large, see invisible, deformed body, poison resistance, slowness 2,
spit poison 1, naga tail 1, claws 1, iridescent scales 1, thin skeletal
structure 1, sense surroundings 1, regeneration 1, electricity resistance, wild
magic 1, sturdy frame 1
a: Spit Poison, Renounce Religion


You were in an ossuary.
You worshipped Xom.
You were a favourite toy of Xom.
You visited 1 branch of the dungeon, and saw 5 of its levels.
You also visited: Ossuary.

You collected 339 gold pieces.
You spent 88 gold pieces at shops.

Inventory:

Hand Weapons
 a - a +1 short sword of chaos (weapon)
 c - a +2 whip of electrocution
 h - a +0 short sword of venom
Armour
 b - a +2 leather armour (worn)
Jewellery
 d - a ring of fire
 g - a ring of willpower (left claw)
 j - a ring of fire
 o - a +6 ring of dexterity (right claw)
Wands
 l - a wand of charming (13)
Scrolls
 f - a scroll of amnesia
 i - a scroll of enchant armour
 n - a scroll of vulnerability
 u - 4 scrolls of summoning
Potions
 e - a potion of haste
 k - a potion of enlightenment
 m - 2 potions of mutation
 q - a potion of resistance
 s - 2 potions of curing
 t - 2 potions of brilliance {unknown}
 v - a potion of ambrosia {unknown}
 w - a potion of might {unknown}


   Skills:
 - Level 3.0 Fighting
 - Level 3.0 Short Blades
 - Level 1.5 Armour
 - Level 0.7 Dodging
 + Level 11.9 Stealth
 + Level 3.0 Spellcasting
 + Level 3.3 Necromancy


You had 9 spell levels left.
You knew the following spells:

 Your Spells              Type           Power      Damage    Failure   Level
a - Animate Dead          Necr           9%         N/A       71%         4

Your spell library contained the following spells:

 Spells                   Type           Power      Damage    Failure   Level
 Haunt                    Necr/Summ      2%         N/A       100%        7
 Infestation              Necr           4%         N/A       100%        8


Dungeon Overview and Level Annotations

Branches:
Dungeon (5/15)             Temple (0/1) D:5         Ossuary (1/1)

Altars:

Shops:
D:3 *=:


Innate Abilities, Weirdness & Mutations

Your serpentine skin is tough. (AC +2)
You have supernaturally acute eyesight. (SInv)
Armour fits poorly on your strangely shaped body.
Your system is resistant to poisons. (rPois)
You cover ground very slowly.
You can spit poison.
You have a snake-like lower body.
You have sharp fingernails.
You are partially covered in iridescent scales. (AC +2)
You have a somewhat thin skeletal structure. (Dex +2, Stealth+)
You passively map a small area around you.
Your natural rate of healing is unusually fast.
You are resistant to electric shocks. (rElec)
Your spells are a little harder to cast, but a little more powerful.
Your movements are slightly less encumbered by armour. (ER -2)


Message History

The crocodile zombie drags you backwards!
Unknown command.
You barely miss the crocodile zombie.
You hit the crocodile zombie but do no damage.
The crocodile zombie bites you.
The crocodile zombie drags you backwards!
You hit the crocodile zombie but do no damage.
The crocodile zombie bites you!
* * * LOW HITPOINT WARNING * * *
The crocodile zombie drags you backwards!
You feel much better. The crocodile zombie bites you!
The crocodile zombie drags you backwards!
It was a potion of degeneration.
There was something very wrong with that liquid.
You feel weakened.
You feel dopey.
You feel clumsy.
The crocodile zombie bites you but does no damage.
You feel yourself speed up. The crocodile zombie bites you.
The crocodile zombie bites you but does no damage.
You hit the crocodile zombie. You burn the crocodile zombie.
The crocodile zombie is moderately damaged.
The crocodile zombie bites you but does no damage.
You hit the crocodile zombie.
Nothing appears to happen.
The crocodile zombie is moderately damaged.
The crocodile zombie bites you but does no damage.
You hit the crocodile zombie. You burn the crocodile zombie.
The crocodile zombie is heavily damaged.
Xom opens a gate.
The crocodile zombie bites you but does no damage.
You hit the crocodile zombie.
The crocodile zombie convulses.
The crocodile zombie is heavily damaged.
The crocodile zombie bites you. x2
The crocodile zombie drags you backwards!
The crocodile zombie bites you!
* * * LOW HITPOINT WARNING * * *
Your iron imp hits the crocodile zombie.
You hit the crocodile zombie.
The crocodile zombie convulses.
The crocodile zombie is heavily damaged.
The crocodile zombie bites you!
You die...
Xom yawns loudly!

* ####
#########
#!?!!#...#.Z∩#
∩
'?()?#.∩.'5@.#
#!!!?#...#.Z.#
### *#####...#
#...# + #+###
,,, * * *


You could see 2 crocodile zombies and a friendly iron imp (summoned).

Vanquished Creatures
  2 ogres
  A phantom (D:4)
  2 scorpions
  2 jellies (D:5)
  A hound (D:4)
  An iguana (D:5)
  3 orc wizards (D:3)
  5 adders
  11 gnolls (D:3)
  A shadow imp (D:5)
  3 dart slugs
  A ribbon worm (D:2)
  15 orcs
  8 bats
  6 endoplasms
  2 giant cockroaches
  38 goblins
  37 hobgoblins
  6 jackals (D:4)
  13 kobolds
  5 quokkas
  7 ball pythons
  9 frilled lizards
  7 rats
186 creatures vanquished.

Vanquished Creatures (collateral kills)
  A centaur (D:5)
  A gnoll (D:3)
2 creatures vanquished.

Grand Total: 188 creatures vanquished

Notes
Turn   | Place    | Note
-------+----------+-------------------------------------------
     0 | D:1      | spaghetti the Naga Chaos Knight began the quest for the
                  | Orb.
     0 | D:1      | Reached XP level 1. HP: 21/21 MP: 1/1
    42 | D:1      | Reached skill level 1 in Stealth
   108 | D:1      | Reached skill level 2 in Stealth
   124 | D:1      | Reached XP level 2. HP: 28/28 MP: 2/2
   131 | D:1      | Reached skill level 3 in Stealth
   187 | D:1      | XOM: divination: magic mapping
   345 | D:1      | XOM: divination: detect items
   490 | D:1      | XOM: summons 2 hostile demons
   583 | D:1      | Reached skill level 4 in Stealth
   592 | D:1      | Reached XP level 3. HP: 31/34 MP: 3/3
   875 | D:1      | XOM: give mutations
   875 | D:1      | Gained mutation: Your movements are slightly less
                  | encumbered by armour. (ER -2) [Xom's grace]
   875 | D:1      | Gained mutation: You are partially covered in iridescent
                  | scales. (AC +2) [Xom's grace]
   875 | D:1      | Gained mutation: Your natural rate of healing is unusually
                  | fast. [Xom's grace]
   875 | D:1      | Gained mutation: Your spells are a little harder to cast,
                  | but a little more powerful. [Xom's grace]
  1052 | D:1      | XOM: give mutations
  1052 | D:1      | Gained mutation: You have a somewhat thin skeletal
                  | structure. (Dex +2, Stealth+) [Xom's grace]
  1052 | D:1      | Gained mutation: You have sharp fingernails. [Xom's grace]
  1052 | D:1      | Gained mutation: You passively map a small area around you.
                  | [Xom's grace]
  1052 | D:1      | Gained mutation: You are resistant to electric shocks.
                  | (rElec) [Xom's grace]
  1083 | D:1      | XOM: god gift: glowing short sword {god gift}
  1214 | D:2      | Reached skill level 5 in Stealth
  1219 | D:2      | Reached XP level 4. HP: 42/42 MP: 4/4
  1334 | D:2      | Reached skill level 6 in Stealth
  1631 | D:2      | XOM: 11-stop teleportation journey
  1892 | D:3      | Reached skill level 7 in Stealth
  1901 | D:3      | Reached XP level 5. HP: 36/49 MP: 5/5
  1913 | D:3      | XOM is BORED!
  1913 | D:3      | XOM: enchant monster (bad)
  1920 | D:3      | XOM: smoke on damage
  1923 | D:3      | XOM: summons 2 friendly demons
  1926 | D:3      | Reached skill level 8 in Stealth
  1982 | D:3      | Reached XP level 6. HP: 53/56 MP: 6/6
  1989 | D:3      | Reached skill level 9 in Stealth
  2032 | D:3      | Found Eneghoma's Jewellery Shoppe.
  2168 | D:3      | Found Sixa's General Store.
  2171 | D:3      | Bought a potion of mutation for 88 gold pieces
  2615 | D:3      | Reached skill level 10 in Stealth
  3009 | D:3      | XOM: god gift: long sword {god gift}
  3156 | D:3      | Found Utamo's Book Shop.
  3178 | D:3      | Learned a level 4 spell: Animate Dead
  3446 | D:4      | Reached skill level 1 in Spellcasting
  3446 | D:4      | Reached skill level 1 in Necromancy
  3446 | D:4      | Reached XP level 7. HP: 49/62 MP: 6/8
  3463 | D:4      | Reached skill level 11 in Stealth
  3525 | D:4      | XOM: confusion (+ monsters)
  3963 | D:5      | Entered Level 5 of the Dungeon
  3989 | D:5      | XOM: god gift: scroll of amnesia
  4014 | D:5      | Found a staircase to the Ecumenical Temple.
  4036 | D:5      | XOM: confuse monster(s)
  4038 | D:5      | XOM: summons friendly ufetubus
  4068 | D:5      | Reached XP level 8. HP: 27/69 MP: 11/11
  4149 | D:5      | XOM: god gift: 12 gold pieces
  4385 | D:5      | Found a sand-covered staircase.
  4396 | Ossuary  | Entered an ossuary
  4412 | Ossuary  | XOM: scenery: 2 doors open
  4430 | Ossuary  | XOM: summons friendly iron imp
  4433 | Ossuary  | Slain by a crocodile zombie

Illustrated notes

Levels and vault maps discovered:
D:1:      amcnicky_arrival_abandoned_market, layout_loops_corners
D:2:      layout_loops_cross
D:3:      minmay_goblin_kobold_castle, layout_basic, serial_shops, shop, shop,
          shop
D:4:      layout_rooms
D:5:      layout_loops_ring, minmay_temple_entry_water_ring,
          nicolae_ossuary_entry_ruins
Ossuary:  ossuary_tomb_2

Skill      XL: |  1  2  3  4  5  6  7  8 |
---------------+-------------------------+-----
Stealth        | 2 4 5 7 8 10 11 | 11.9
Spellcasting   | 1 2 3 |  3.0
Necromancy     | 1 2 3 |  3.3
Fighting       | |  3.0
Short Blades   | |  3.0
Armour         | |  1.5
Dodging        | |  0.7

Action                     |  1- 3 |  4- 6 |  7- 9 || total
---------------------------+-------+-------+-------++-------
  Melee: Short sword       |    28 |   283 |   101 ||   412
         Whip              |    41 |    21 |       ||    62
         Punch             |       |     2 |     3 ||     5
Ability: Spit Poison       |    28 |    46 |    16 ||    90
    Use: Scroll            |     3 |     6 |     2 ||    11
         Potion            |       |     3 |     4 ||     7
   Stab: Sleeping          |       |     1 |       ||     1
         Confused          |       |       |     2 ||     2
         Distracted        |       |       |     1 ||     1
 Armour: Leather armour    |    41 |   215 |    95 ||   351
         Skin              |       |    12 |       ||    12
  Dodge: Dodged            |    41 |   129 |    40 ||   210
